 Dungeon Crawl Stone Soup version 0.31.0-11-ge490571c62 (webtiles) character file.

Game seed: 13559306851554603739

2334 Daunt the Cleaver (level 9, -2/48 (50) HPs)
             Began as a Vine Stalker Fighter on Jan 28, 2024.
             Was an Initiate of Okawaru.
             Slain by a wight
             ... wielding a +5 trident of freezing
              (3 damage)
             ... on level 7 of the Dungeon.
             The game lasted 00:19:00 (2797 turns).

Daunt the Cleaver (Vine Stalker Fighter)            Turns: 2797, Time: 00:19:01

HP:   -2/48 (50)    AC:  8    Str: 23    XL:     9   Next: 42%
MP:   0/10          EV: 10    Int:  8    God:    Okawaru [......]
Gold: 301           SH:  4    Dex: 14    Spells: 8/8 levels left

rFire   + . .        a - +0 war axe
rCold   . . .        c - +0 buckler
rNeg    . . .        o - +1 ring mail {rF+}
rPois   .            k - +0 helmet
rElec   .            h - +0 cloak
rCorr   .            (no gloves)
SInv    .            (no boots)
Will    ++...        (no amulet)
Stlth   +            B - ring of willpower
HPRegen 1.08/turn    (no ring)
MPRegen 0.12/turn

%: guardian spirit
@: lightly drained
A: fangs 3, regeneration 1, magic shield, antimagic bite, no potion heal 2
a: Renounce Religion


You were on level 7 of the Dungeon.
You worshipped Okawaru.
Okawaru was noncommittal.
You visited 2 branches of the dungeon, and saw 9 of its levels.
You also visited: Sewer.

You collected 301 gold pieces.

Inventory:

Hand Weapons
 a - a +0 war axe (weapon)
 b - a +0 sling
 v - a +0 great mace
Missiles
 j - 31 stones (quivered)
 x - 2 datura-tipped darts
Armour
 c - a +0 buckler (worn)
 h - a +0 cloak (worn)
 i - a +0 troll leather armour
 k - a +0 helmet (worn)
 o - a +1 ring mail of fire resistance (worn)
 A - a +0 scale mail of cold resistance
Jewellery
 B - a ring of willpower (left hand)
Scrolls
 g - 2 scrolls of fear {unknown}
 l - a scroll of enchant weapon {unknown}
 m - 2 scrolls of teleportation {unknown}
 p - a scroll of vulnerability {unknown}
 q - 3 scrolls of fog {unknown}
 s - a scroll of brand weapon {unknown}
 y - a scroll of enchant armour {unknown}
 z - a scroll of noise {unknown}
 C - a scroll of revelation {unknown}
Potions
 d - a potion of might
 e - a potion of lignification
 f - 2 potions of cancellation
 n - 2 potions of curing
 r - 4 potions of mutation {unknown}
 t - 2 potions of invisibility
 u - 2 potions of haste
 w - 2 potions of enlightenment


   Skills:
 + Level 7.1 Fighting
 * Level 9.3 Axes
 - Level 2.4 Armour
 - Level 2.6 Shields
 + Level 0.9 Invocations


You had 8 spell levels left.
You didn't know any spells.
Your spell library contained the following spells:

 Spells                   Type           Power      Damage    Failure   Level
 Necrotise                Necr           0%         1d4       63%         1
 Blink                    Tloc           0%         N/A       77%         2
 Lesser Beckoning         Tloc           0%         N/A       77%         2
 Momentum Strike          Conj/Tloc      0%         3d8       77%         2
 Vampiric Draining        Necr           0%         2d6       94%         3
 Curse of Agony           Necr           0%         N/A       100%        5
 Martyr's Knell           Necr/Summ      Unusable   N/A       N/A         4

Dungeon Overview and Level Annotations

Branches:
Dungeon (8/15)             Temple (1/1) D:7           Sewer (visited)
   Lair: D:8-11

Altars:
Ashenzari
Cheibriados
Dithmenos
Elyvilon
Fedhas
Gozag
Hepliaklqana
Kikubaaqudgha
Makhleb
Nemelex Xobeh
Okawaru
Qazlal
Ru
Sif Muna
Trog
Uskayaw
Vehumet
Wu Jian
Xom
Yredelemnul
Zin
The Shining One

Annotations:
D:3 3 runed translucent doors, Biggs's ghost, amateur HuSh


Innate Abilities, Weirdness & Mutations

You have razor-sharp teeth.
Your natural rate of healing is unusually fast.
When hurt, damage is shared between your health and your magic reserves.
Your bite disrupts and absorbs the magic of your enemies.
Potions cannot restore your health.


Message History

You slash the wight!
You destroy the wight!
Okawaru accepts your kill.
You hit the wight. The wight hits you but does no damage.
The wight barely misses you.
Your life force feels restored.
You slash the wight!
You destroy the wight!
Okawaru accepts your kill.
The wight hits you from afar with a +5 trident of freezing!
You feel drained. The wight freezes you.
Your life force feels restored.
You barely miss the wight. You bite the wight! You drain its power.
You feel invigorated.
The wight is severely damaged.
The wight hits you from afar with a +5 trident of freezing!
You feel drained. The wight freezes you.
You are too injured to fight recklessly!
You slash the wight!
You destroy the wight!
Okawaru accepts your kill.
The wight hits you from afar with a +5 trident of freezing.
You feel drained. The wight freezes you.
* * * LOW HITPOINT WARNING * * *
You barely miss the wight. You bite the wight! You drain its power.
You feel invigorated.
The wight is severely damaged.
The wight hits you with a +5 great sword!
* * * LOW HITPOINT WARNING * * *
The wight barely misses you.
You closely miss the wight.
The wight is severely damaged.
The wight hits you with a +5 great sword!
* * * LOW HITPOINT WARNING * * *
The wight hits you from afar with a +5 trident of freezing!
* * * LOW HITPOINT WARNING * * *
You feel drained.
* * * LOW HITPOINT WARNING * * *
The wight freezes you.
You die...

#.....#...#
#.....#...#
#####.....#'######
.....#####.........
#.....'.........
#.....#.........
##'####.........
#.......#+#######+#
#.......#....@zz..#
+.......'....)#...#
#..)....#.....# ..#
#.......####### ##
#########


You could see 2 wights.

Vanquished Creatures
  A troll (D:7)
  A wraith (D:6)
  A steam dragon (D:7)
  2 water moccasins (D:6)
  A sky beast (D:7)
  3 centaurs
  A phantom (D:6)
  3 bullfrogs
  2 scorpions
  7 wights
  A bombardier beetle (D:6)
  A hound (D:7)
  An orc priest (D:7)
  2 jellies
  A sleepcap (D:4)
  6 iguanas
  An orc wizard (D:7)
  3 gnolls
  5 adders
  3 river rats (Sewer)
  A white imp (D:5)
  4 dart slugs
  A ribbon worm (D:4)
  8 orcs
  An endoplasm (Sewer)
  A giant cockroach (D:4)
  3 goblins
  3 hobgoblins
  13 ball pythons
  7 frilled lizards
  6 kobolds
  22 rats
116 creatures vanquished.

Notes
Turn   | Place    | Note
-------+----------+-------------------------------------------
     0 | D:1      | Daunt the Vine Stalker Fighter began the quest for the Orb.
     0 | D:1      | Reached XP level 1. HP: 11/11 MP: 2/2
    14 | D:1      | Reached skill level 2 in Axes
    83 | D:1      | Reached XP level 2. HP: 15/16 MP: 1/3
   130 | D:2      | You fall into a shaft and drop 1 floor!
   256 | D:3      | Found a runed translucent gate.
   257 | D:3      | Found a runed translucent gate.
   257 | D:3      | Noticed Biggs's ghost (amateur HuSh)
   258 | D:3      | Found a runed translucent gate.
   264 | D:3      | Noticed a kobold brigand
   426 | D:4      | Reached XP level 3. HP: 20/20 MP: 4/4
   441 | D:4      | Reached skill level 3 in Axes
   475 | D:4      | Reached XP level 4. HP: 24/24 MP: 5/5
   521 | D:4      | Found a glowing drain.
   531 | Sewer    | Entered a sewer
   711 | Sewer    | Reached XP level 5. HP: 28/28 MP: 6/6
   728 | Sewer    | Reached skill level 4 in Axes
   785 | Sewer    | Reached XP level 6. HP: 33/33 MP: 5/7
  1028 | D:5      | Entered Level 5 of the Dungeon
  1064 | D:5      | Reached skill level 5 in Axes
  1264 | D:4      | Reached XP level 7. HP: 32/38 MP: 5/8
  1652 | D:5      | Reached skill level 5 in Fighting
  1652 | D:5      | Reached skill level 6 in Axes
  1696 | D:6      | Noticed a wraith
  1704 | D:6      | Killed a wraith
  1754 | D:6      | Gained mutation: You have razor-sharp teeth. [Vine Stalker
                  | growth]
  1754 | D:6      | Reached XP level 8. HP: 21/44 MP: 7/9
  1789 | D:6      | Reached skill level 7 in Axes
  1981 | D:6      | Found an ornate altar of the Wu Jian Council.
  2049 | D:6      | Reached skill level 8 in Axes
  2295 | D:7      | Noticed a troll
  2300 | D:7      | Killed a troll
  2301 | D:7      | Reached XP level 9. HP: 29/49 MP: 6/10
  2379 | D:7      | Reached skill level 9 in Axes
  2544 | D:7      | Found a staircase to the Ecumenical Temple.
  2550 | Temple   | Entered the Ecumenical Temple
  2605 | Temple   | Became a worshipper of Warmaster Okawaru
  2716 | D:8      | Noticed a two-headed ogre
  2797 | D:7      | HP: 2/49 [wight/+5 trident of freezing (5)]
  2797 | D:7      | Slain by a wight

Illustrated notes

Levels and vault maps discovered:
D:1:      dpeg_arrival_ternary, layout_loops_ring,
          nicolae_houndstooth_variations
D:2:      layout_loops_ring, ebering_ecumenical_altar_box
D:3:      layout_basic, gammafunk_ghost_nasty_kobolds, serial_park_tiny_2,
          kennysheep_generic_room_10
D:4:      layout_loops_ring, mainiacjoe_sewer_entry_somewhere_in_here_2,
          grunt_ministairs_11
D:5:      layout_basic
D:6:      nicolae_cairo_tiling_large_dashed, layout_rooms,
          general_overflow_altar, st_stairs_12
D:7:      layout_gridville, minmay_temple_entry_waves
D:8:      layout_cave_pods, erik_lair_orcish_takeover
Temple:   mainiacjoe_temple_starburst

Skill      XL: |  1  2  3  4  5  6  7  8  9 |
---------------+----------------------------+-----
Axes           | 2 3 4 5 6 8 9 |  9.3
Fighting       | 3 4 5 6 7 |  7.1
Armour         | |  2.4
Shields        | |  2.6
Invocations    | |  0.9

Action                     |  1- 3 |  4- 6 |  7- 9 || total
---------------------------+-------+-------+-------++-------
  Melee: War axe           |    44 |   136 |   153 ||   333
         Bite              |     6 |    26 |    54 ||    86
   Fire: Sling             |     3 |       |       ||     3
  Throw: Stone             |       |     2 |     2 ||     4
    Use: Scroll            |       |       |     8 ||     8
         Potion            |       |       |     2 ||     2
 Armour: Scale mail        |    27 |       |       ||    27
         Ring mail         |     9 |    88 |   132 ||   229
  Dodge: Dodged            |    20 |    71 |    70 ||   161
  Block: Buckler           |     6 |    36 |    25 ||    67
